 Seeded DCSS version 0.31-a0-557-g6e16503903 (webtiles) character file.

Game seed: 16161720884980326079 (custom seed)

8128 innerfire43 the Grappler (level 11, -14/83 HPs)
             Began as a Gnoll Shapeshifter on Aug 16, 2023.
             Was the Champion of Uskayaw.
             Demolished by a two-headed ogre
             ... wielding a +0 giant spiked club
              (24 damage)
             ... on level 10 of the Dungeon.
             The game lasted 00:15:39 (9761 turns).

innerfire43 the Grappler (Gnoll Shapeshifter)       Turns: 9761, Time: 00:15:39

Health: -14/83     AC: 12    Str: 18    XL:     11   Next: 26%
Magic:  20/20      EV: 15    Int:  9    God:    Uskayaw [******]
Gold:   497        SH:  0    Dex: 16    Spells: 18/22 levels left

rFire   + .          .
                       - Unarmed
rCold   x . .        (shield currently unavailable)
rNeg    . . .        l - +3 leather armour
rPois   .            q - +2 helmet "Paunutas" {rC- Will++ Dex+4 SInv}
rElec   .            r - +1 cloak
rCorr   .            (no gloves)
SInv    +            (no boots)
Will    ++...        j - amulet of faith
Stlth   +            B - ring of flight
HPRegen 0.33/turn    J - ring of protection from fire
MPRegen 0.17/turn

%: faith
@: confused, flux-form, ambrosia-drunk, flying, hasted, glowing, very quick
A: glow, contaminating, fangs 1, strong nose, distributed training
a: Begin Untransformation, Renounce Religion, Stomp, Line Pass, Grand Finale


You were on level 10 of the Dungeon.
You worshipped Uskayaw.
Uskayaw was noncommittal.
You were something dangerously unstable.
You visited 1 branch of the dungeon, and saw 10 of its levels.
You also visited: Ossuary.

You collected 614 gold pieces.
You spent 117 gold pieces at shops.

Inventory:

Hand Weapons
 p - a +4 club of electrocution
 P - a +9 morningstar
Missiles
 o - a throwing net
Armour
 a - a +0 animal skin
 g - a +0 helmet
 l - a +3 leather armour (worn)
 q - the +2 helmet "Paunutas" (worn) {rC- Will++ Dex+4 SInv}
   (You took it off Robin on level 2 of the Dungeon)

   Dex+4:     It affects your dexterity (+4).
   rC-:       It makes you vulnerable to cold.
   Will++:    It greatly increases your willpower.
   SInv:      It lets you see invisible.
 r - a +1 cloak (worn)
 M - a +2 buckler
Jewellery
 e - an amulet of guardian spirit
 j - an amulet of faith (around neck)
 n - an amulet of magic regeneration
 B - a ring of flight (left hand)
 J - a ring of protection from fire (right hand)
 L - an amulet of the acrobat
Talismans
 c - a beast talisman
 d - a flux talisman (active)
Wands
 A - a wand of iceblast (4)
 D - a wand of flame (31)
 O - a wand of paralysis (5)
 Q - a wand of light (2)
Scrolls
 f - 4 scrolls of immolation {unknown}
 h - a scroll of silence
 t - 7 scrolls of teleportation {unknown}
 y - 3 scrolls of fog
 z - a scroll of revelation
 C - a scroll of poison {unknown}
 E - a scroll of torment {unknown}
 H - a scroll of enchant armour {unknown}
 I - a scroll of amnesia {unknown}
 N - a scroll of vulnerability
Potions
 b - a potion of lignification
 i - a potion of haste
 m - 3 potions of attraction {unknown}
 u - a potion of mutation {unknown}
 v - 3 potions of degeneration
 w - 2 potions of magic {unknown}
 x - 2 potions of brilliance
 F - a potion of cancellation
 R - a potion of might
Miscellaneous
 K - a phial of floods


   Skills:
 + Level 6.8 Fighting
 + Level 6.2 Short Blades
 + Level 6.2 Long Blades
 + Level 6.2 Axes
 + Level 6.2 Maces & Flails
 + Level 6.2 Polearms
 + Level 6.2 Staves
 + Level 6.2 Ranged Weapons
 + Level 6.2 Throwing
 + Level 6.2 Armour
 + Level 7.8 Dodging
 + Level 6.2 Stealth
 + Level 6.2 Shields
 + Level 9.1 Unarmed Combat
 + Level 6.2 Spellcasting
 + Level 5.1 Conjurations
 + Level 5.1 Hexes
 + Level 5.1 Summonings
 + Level 5.1 Necromancy
 + Level 5.1 Translocations
 + Level 5.1 Transmutations
 + Level 5.1 Fire Magic
 + Level 5.1 Ice Magic
 + Level 5.1 Air Magic
 + Level 5.1 Earth Magic
 + Level 5.1 Poison Magic
 + Level 6.8 Invocations
 + Level 6.2 Evocations
 + Level 8.4 Shapeshifting


You had 18 spell levels left.
You knew the following spells:

 Your Spells              Type           Power      Damage    Failure   Level
a - Wereblood             Tmut           12%        N/A       4%          2
b - Momentum Strike       Conj/Tloc      24%        3d8       4%          2

Your spell library contained the following spells:

 Spells                   Type           Power      Damage    Failure   Level
 Lesser Beckoning         Tloc           24%        N/A       4%          2
 Poisonous Vapours        Pois/Air       24%        N/A       4%          2
 Mephitic Cloud           Conj/Pois/Air  12%        N/A       9%          3
 Portal Projectile        Hex/Tloc       24%        N/A       9%          3
 Teleport Other           Tloc           12%        N/A       9%          3
 Leda's Liquefaction      Hex/Erth       6%         N/A       28%         4
 Petrify                  Tmut/Erth      12%        N/A       28%         4
 Freezing Cloud           Conj/Ice/Air   6%         6-21      63%         5
 Summon Forest            Summ/Tloc      6%         N/A       63%         5
 Leda's Unmaking          Conj/Erth      6%         9d2       99%         6


Dungeon Overview and Level Annotations

Branches:
Dungeon (10/15)            Temple (0/1) D:6            Lair (0/5) D:9
Ossuary (visited)
    Orc: D:9-12

Altars:
Cheibriados
Elyvilon
Fedhas
Gozag
Makhleb
Nemelex Xobeh
Okawaru
Qazlal
Ru
Sif Muna
Uskayaw
Wu Jian
Xom
Zin
The Shining One

Shops:
D:4 !   D:6 *


Innate Abilities, Weirdness & Mutations

You are something dangerously unstable.
You glow with magical radiation, making you easy to see and hit.
Foes you strike become dangerously contaminated with magical radiation.
You are incapable of wielding weapons or throwing items.
You have very sharp teeth.
Your uncanny sense of smell can sniff out nearby items.
Your experience applies equally to all skills.


Message History

A tengu conjurer comes into view. It is wielding a +0 dagger.
The two-headed ogre barely misses you. The two-headed ogre misses you.
Uskayaw links your audience in an emotional bond!
You feel better. The fire elemental barely misses you.
The deep elf pyromancer casts a spell.
You feel better. The fire elemental hits you. The fire elemental burns you!
You resist.
* * * LOW HITPOINT WARNING * * *
The two-headed ogre barely misses you. x2; The fire elemental hits you.
The fire elemental burns you! You resist.
* * * LOW HITPOINT WARNING * * *
You feel better. The fire elemental barely misses you.
The two-headed ogre hits you with a +0 giant spiked club!
* * * LOW HITPOINT WARNING * * *
The two-headed ogre hits you with a +0 giant spiked club.
* * * LOW HITPOINT WARNING * * *
Okay, then.
It was a potion of haste.
You feel yourself speed up. The fire elemental hits you.
The fire elemental burns you! You resist.
* * * LOW HITPOINT WARNING * * *
The deep elf pyromancer gestures wildly while chanting.
The deep elf pyromancer blinks!
It was a potion of ambrosia.
You are confused.
You feel invigorated.
The fire elemental is no longer sharing its pain. x2
The two-headed ogre is no longer sharing its pain.
The fire elemental misses you. The two-headed ogre misses you.
The two-headed ogre closely misses you.
Okay, then.
You hit the two-headed ogre.
The two-headed ogre glows dangerously bright.
The two-headed ogre is moderately wounded.
The deep elf pyromancer is no longer sharing its pain.
The fire elemental hits you. The fire elemental burns you! You resist.
* * * LOW HITPOINT WARNING * * *
You bump into the rock wall.
Unknown command.
The two-headed ogre hits you with a +0 giant spiked club!!
You die...

#.#~#+#~##.#
#.#~~.~~# #.
........# ∆∆ ∆∆
°.. #.##.#### ∆
#.# #.##.# ###
.°e
#.##.#####.. ∆
##○#
#........#.#
∆∆○E!
####.###.#.#.
###E### # #.#
#.#.#.. #BE...#
####.#
#...###.#O###.#
.....#
###...#....# ∆
######
###.####.#
######......#
#....##.#####
#.......#
######### ∆


You could see a two-headed ogre (heavy contam), a deep elf pyromancer and 3 fire
elementals.

Vanquished Creatures
  A two-headed ogre (D:10)
  A fire crab (shapeshifter) (D:10)
  A troll (D:5)
  A slime creature (D:10)
  A shadow (D:9)
  13 yaks
  A wraith (D:9)
  3 steam dragons
  2 acid dragons
  2 ice beasts
  4 orc warriors
  A black bear (D:6)
  An ogre (shapeshifter) (D:10)
  2 elf zombies (Ossuary)
  2 kobold brigands
  5 bullfrogs
  A gnoll sergeant (D:8)
  A scorpion (D:7)
  10 wights
  10 killer bees
  2 electric eels (D:10)
  5 howler monkeys
  A crimson imp (D:6)
  A human zombie (Ossuary)
  2 hounds
  6 orc priests
  A jelly (D:5)
  A gnoll bouda (D:7)
  2 sleepcaps
  Crazy Yiuf (D:2)
  Jessica (D:2)
  3 iguanas
  Terence (D:2)
  8 orc wizards
  4 mummies (Ossuary)
  Robin (D:2)
  11 gnolls
  5 adders
  A shadow imp (D:8)
  4 white imps
  2 ufetubi (D:4)
  4 worms
  2 dart slugs
  52 orcs
  A bat (D:3)
  3 endoplasms
  2 giant cockroaches
  20 goblins
  10 hobgoblins
  4 jackals (D:4)
  14 kobolds
  2 quokkas
  5 ball pythons
  3 frilled lizards
  A gnoll zombie (Ossuary)
  A goblin skeleton (D:6)
  4 goblin zombies
  7 hobgoblin zombies
  A kobold skeleton (D:6)
  2 kobold zombies (D:6)
  An orc zombie (D:6)
  3 rats
  2 rat zombies (Ossuary)
270 creatures vanquished.

Vanquished Creatures (others)
  2 orc wizards (D:8)
  4 orcs (D:8)
6 creatures vanquished.

Grand Total: 276 creatures vanquished

Notes
Turn   | Place    | Note
-------+----------+-------------------------------------------
     0 | D:1      | innerfire43 the Gnoll Shapeshifter began the quest for the
                  | Orb.
     0 | D:1      | Reached XP level 1. HP: 17/17 MP: 1/1
   140 | D:1      | Found a faded altar of an unknown god.
   162 | D:1      | Reached XP level 2. HP: 15/23 MP: 2/2
   173 | D:1      | Prayed at the altar of an unknown god.
   173 | D:1      | Became a worshipper of Uskayaw the Reveller
   173 | D:1      | Reached * piety under Uskayaw
   583 | D:2      | Reached ** piety under Uskayaw
   585 | D:2      | Noticed Terence
   592 | D:2      | Killed Terence
   592 | D:2      | Reached *** piety under Uskayaw
   593 | D:2      | Reached skill level 1 in Invocations
   593 | D:2      | Reached XP level 3. HP: 15/28 MP: 2/4
   747 | D:2      | Reached skill level 1 in Short Blades
   747 | D:2      | Reached skill level 1 in Long Blades
   747 | D:2      | Reached skill level 1 in Axes
   747 | D:2      | Reached skill level 1 in Maces & Flails
   747 | D:2      | Reached skill level 1 in Polearms
   747 | D:2      | Reached skill level 1 in Staves
   747 | D:2      | Reached skill level 1 in Ranged Weapons
   747 | D:2      | Reached skill level 1 in Throwing
   747 | D:2      | Reached skill level 1 in Armour
   747 | D:2      | Reached skill level 1 in Stealth
   747 | D:2      | Reached skill level 1 in Shields
   747 | D:2      | Reached skill level 1 in Spellcasting
   747 | D:2      | Reached skill level 1 in Evocations
   801 | D:2      | Reached XP level 4. HP: 27/34 MP: 5/5
   996 | D:2      | Identified the +2 helmet "Paunutas" {rC- Will++ Dex+4 SInv}
   996 | D:2      | Noticed Robin
  1008 | D:2      | Reached skill level 1 in Conjurations
  1008 | D:2      | Reached skill level 1 in Hexes
  1008 | D:2      | Reached skill level 1 in Summonings
  1008 | D:2      | Reached skill level 1 in Necromancy
  1008 | D:2      | Reached skill level 1 in Translocations
  1008 | D:2      | Reached skill level 1 in Transmutations
  1008 | D:2      | Reached skill level 1 in Fire Magic
  1008 | D:2      | Reached skill level 1 in Ice Magic
  1008 | D:2      | Reached skill level 1 in Air Magic
  1008 | D:2      | Reached skill level 1 in Earth Magic
  1008 | D:2      | Reached skill level 1 in Poison Magic
  1015 | D:2      | Reached **** piety under Uskayaw
  1018 | D:2      | Killed Robin
  1018 | D:2      | Reached ***** piety under Uskayaw
  1127 | D:2      | Noticed Jessica
  1128 | D:2      | Reached XP level 5. HP: 40/40 MP: 5/7
  1131 | D:2      | Killed Jessica
  1264 | D:2      | Found a runed translucent door.
  1265 | D:2      | Noticed Crazy Yiuf
  1272 | D:2      | Killed Crazy Yiuf
  1406 | D:3      | You fall into a shaft and drop 2 floors!
  1406 | D:5      | Entered Level 5 of the Dungeon
  1580 | D:5      | Reached XP level 6. HP: 47/47 MP: 8/8
  1605 | D:5      | Reached skill level 5 in Dodging
  1816 | D:5      | Reached XP level 7. HP: 34/52 MP: 10/10
  1820 | D:5      | Reached skill level 7 in Unarmed Combat
  1900 | D:5      | Noticed a troll
  1913 | D:5      | Killed a troll
  2156 | D:5      | Found a sparkling altar of Nemelex Xobeh.
  2377 | D:5      | Got Pyrano's Elucidation of the Singularity
  2470 | D:5      | Identified a scroll of acquirement
  2470 | D:5      | Acquired Wouxeg's Annotations on Xenomorphic Amathomancy
  2475 | D:5      | Learned a level 2 spell: Wereblood
  2513 | D:4      | Reached XP level 8. HP: 53/60 MP: 10/12
  2684 | D:4      | Found Quem's Distillery.
  2689 | D:4      | Bought a potion of curing for 39 gold pieces
  2689 | D:4      | Bought a potion of curing for 39 gold pieces
  2689 | D:4      | Bought a potion of curing for 39 gold pieces
  2918 | D:4      | Found a sand-covered staircase.
  2940 | Ossuary  | Entered an ossuary
  3253 | D:4      | Found a burning altar of Makhleb.
  3253 | D:4      | Found a shimmering blue altar of Sif Muna.
  3833 | D:3      | Identified the +5 dagger of the King {flame, Fly rC+++
                  | Str-5 Dex-4}
  4576 | D:6      | Found a staircase to the Ecumenical Temple.
  4579 | D:6      | Found a white marble altar of Elyvilon.
  4872 | D:6      | Found Zin's Purification Station.
  4878 | D:6      | Found a glowing silver altar of Zin.
  5028 | D:6      | Found a glowing golden altar of the Shining One.
  5126 | D:6      | Found a snail-covered altar of Cheibriados.
  5266 | D:6      | Found an iron altar of Okawaru.
  5440 | D:7      | Reached XP level 9. HP: 64/66 MP: 14/14
  5603 | D:7      | Found a sacrificial altar of Ru.
  5605 | D:7      | Found a shimmering altar of Xom.
  5607 | D:7      | Found a shimmering altar of Xom.
  5607 | D:7      | Found a shimmering altar of Xom.
  5608 | D:7      | Found a shimmering altar of Xom.
  5703 | D:7      | Identified the +1 hand axe "Worm" {speed, *Slow rPois rC+}
  5718 | D:7      | Found a shimmering altar of Xom.
  5773 | D:7      | Reached skill level 5 in Fighting
  5990 | D:7      | Learned a level 2 spell: Momentum Strike
  6040 | D:7      | Found an opulent altar of Gozag.
  6094 | D:7      | Reached skill level 8 in Unarmed Combat
  6096 | D:7      | Reached ****** piety under Uskayaw
  6455 | D:7      | Noticed a rime drake
  6638 | D:7      | Reached skill level 5 in Invocations
  7155 | D:8      | Reached XP level 10. HP: 29/75 MP: 15/17
  7158 | D:8      | Reached skill level 5 in Short Blades
  7158 | D:8      | Reached skill level 5 in Long Blades
  7158 | D:8      | Reached skill level 5 in Axes
  7158 | D:8      | Reached skill level 5 in Maces & Flails
  7158 | D:8      | Reached skill level 5 in Polearms
  7158 | D:8      | Reached skill level 5 in Staves
  7158 | D:8      | Reached skill level 5 in Ranged Weapons
  7158 | D:8      | Reached skill level 5 in Throwing
  7158 | D:8      | Reached skill level 5 in Armour
  7158 | D:8      | Reached skill level 5 in Stealth
  7158 | D:8      | Reached skill level 5 in Shields
  7158 | D:8      | Reached skill level 5 in Spellcasting
  7158 | D:8      | Reached skill level 5 in Evocations
  7732 | D:9      | Found a staircase to the Lair.
  8723 | D:10     | Entered Level 10 of the Dungeon
  8723 | D:10     | Noticed a two-headed ogre
  8731 | D:10     | Killed a two-headed ogre
  9296 | D:10     | Found a blossoming altar of Fedhas.
  9309 | D:10     | Found a stormy altar of Qazlal.
  9461 | D:10     | Reached XP level 11. HP: 71/83 MP: 19/19
  9464 | D:10     | Reached skill level 9 in Unarmed Combat
  9616 | D:10     | Found an ornate altar of the Wu Jian Council.
  9694 | D:10     | Noticed a fire crab
  9706 | D:10     | Reached skill level 5 in Conjurations
  9706 | D:10     | Reached skill level 5 in Hexes
  9706 | D:10     | Reached skill level 5 in Summonings
  9706 | D:10     | Reached skill level 5 in Necromancy
  9706 | D:10     | Reached skill level 5 in Translocations
  9706 | D:10     | Reached skill level 5 in Transmutations
  9706 | D:10     | Reached skill level 5 in Fire Magic
  9706 | D:10     | Reached skill level 5 in Ice Magic
  9706 | D:10     | Reached skill level 5 in Air Magic
  9706 | D:10     | Reached skill level 5 in Earth Magic
  9706 | D:10     | Reached skill level 5 in Poison Magic
  9708 | D:10     | Noticed a deep elf pyromancer
  9718 | D:10     | Killed a fire crab
  9748 | D:10     | Noticed a two-headed ogre
  9752 | D:10     | HP: 2/83 [two-headed ogre/+0 giant spiked club (27)]
  9757 | D:10     | HP: 3/83 [fire elemental[a deep elf pyromancer] (4)]
  9761 | D:10     | Demolished by a two-headed ogre

Illustrated notes

Levels and vault maps discovered:
D:1:      nzn_arrival_settlement, layout_rooms,
          shapermc_ecumenical_altar_starsandcircs
D:2:      layout_basic, feat_on_display, uniq_jessica, uniq_robin,
          uniq_crazy_yiuf_cottage, uniq_terence
D:3:      layout_rooms, interstate_on_off, guppyfry_early_orc_mine
D:4:      layout_cave_pods, gammafunk_temple_overflow_wave, enter_ossuary_1,
          serial_shops, kennysheep_little_box
D:5:      layout_loops_ring, amcnicky_altar_gilded
D:6:      layout_basic, cheibrodos_worm_habitat, zin_purify,
          nicolae_tso_besieged_by_evil, elyvilon_altar_4,
          kennysheep_okawaru_gauntlet, minmay_temple_entry_mini_moons,
          nicolae_letterblocks [nicolae_letter_subblock,
          nicolae_letter_subblock, nicolae_letter_subblock,
          nicolae_letter_subblock, nicolae_letter_subblock,
          nicolae_letter_subblock, nicolae_letter_subblock,
          nicolae_letter_subblock, nicolae_letter_subblock,
          nicolae_letter_subblock, nicolae_letter_subblock,
          nicolae_letter_subblock, nicolae_letter_subblock,
          nicolae_letter_subblock, nicolae_letter_subblock,
          nicolae_letter_subblock, nicolae_letter_subblock,
          nicolae_letter_subblock, nicolae_letter_subblock,
          nicolae_letter_subblock, nicolae_letter_subblock,
          nicolae_letter_subblock, nicolae_letter_subblock,
          nicolae_letter_subblock, nicolae_letter_subblock]
D:7:      layout_gridville, lemuel_tele_altar, mainiacjoe_overflow_24_doors,
          xom_shifter_show, abandoned_shop
D:8:      layout_cave_pools
D:9:      layout_irregular_city, lair_entry_dummy
D:10:     layout_loops_corners, grunt_temple_overflow_forces_of_nature,
          kennysheep_mini_moat, roderic_lattice_a, kennysheep_small_spiral,
          st_stairs_13, kennysheep_cross_room, nicolae_doodle_vault

Skill      XL: |  1  2  3  4  5  6  7  8  9 10 11 |
---------------+----------------------------------+-----
Invocations    | 1 2 3 4 5 6 |  6.8
Short Blades   | 1 2 3 4 5 6 |  6.2
Long Blades    | 1 2 3 4 5 6 |  6.2
Axes           | 1 2 3 4 5 6 |  6.2
Maces & Flails | 1 2 3 4 5 6 |  6.2
Polearms       | 1 2 3 4 5 6 |  6.2
Staves         | 1 2 3 4 5 6 |  6.2
Ranged Weapons | 1 2 3 4 5 6 |  6.2
Throwing       | 1 2 3 4 5 6 |  6.2
Armour         | 1 2 3 4 5 6 |  6.2
Stealth        | 1 2 3 4 5 6 |  6.2
Shields        | 1 2 3 4 5 6 |  6.2
Spellcasting   | 1 2 3 4 5 6 |  6.2
Evocations     | 1 2 3 4 5 6 |  6.2
Conjurations   | 1 2 3 4 5 |  5.1
Hexes          | 1 2 3 4 5 |  5.1
Summonings     | 1 2 3 4 5 |  5.1
Necromancy     | 1 2 3 4 5 |  5.1
Translocations | 1 2 3 4 5 |  5.1
Transmutations | 1 2 3 4 5 |  5.1
Fire Magic     | 1 2 3 4 5 |  5.1
Ice Magic      | 1 2 3 4 5 |  5.1
Air Magic      | 1 2 3 4 5 |  5.1
Earth Magic    | 1 2 3 4 5 |  5.1
Poison Magic   | 1 2 3 4 5 |  5.1
Fighting       | 3 4 5 6 |  6.8
Dodging        | 5 6 7 |  7.8
Unarmed Combat | 7 8 9 |  9.1
Shapeshifting  | 7 8 |  8.4

Action                     |  1- 3 |  4- 6 |  7- 9 | 10-12 || total
---------------------------+-------+-------+-------+-------++-------
  Melee: Unarmed           |    58 |   118 |   450 |   246 ||   872
         Bite              |     6 |    13 |    64 |    35 ||   118
   Cast: Wereblood         |       |       |    11 |     8 ||    19
 Invoke: Stomp             |       |       |       |     5 ||     5
    Use: Scroll            |       |     1 |     5 |     6 ||    12
         Potion            |       |       |     3 |     9 ||    12
   Stab: Paralysed         |     1 |    10 |    27 |    22 ||    60
         Distracted        |       |       |     1 |       ||     1
 Armour: Animal skin       |     8 |    22 |    21 |       ||    51
         Leather armour    |       |       |   208 |    77 ||   285
  Dodge: Dodged            |    28 |    64 |   510 |   224 ||   826
   Form: Flux              |     1 |       |       |       ||     1

Table legend: (Time is in decaauts)
 A = Elapsed time spent in this place.
 B = Non-inter-level travel time spent in this place.
 C = Inter-level travel time spent in this place.
 D = Time resting spent in this place.
 E = Time spent auto-exploring this place.
 F = Levels seen in this place.
 G = Mean time per level.
                   A        B        C        D        E       F      G
               +--------+--------+--------+--------+--------+-----+--------+
         Total |   9648 |   8989 |    659 |      0 |   7326 |  11 |  877.1 |
       Dungeon |   9378 |   8719 |    659 |      0 |   7155 |  10 |  937.8 |
       Ossuary |    270 |    270 |      0 |      0 |    171 |   1 |  270.0 |
               +--------+--------+--------+--------+--------+-----+--------+

Top non-repeatable levels by time:
     D:7: 1344 daAuts
     D:5: 1191 daAuts
     D:9: 1165 daAuts
    D:10: 1018 daAuts
     D:6: 884 daAuts
     D:4: 859 daAuts
     D:2: 829 daAuts
     D:3: 783 daAuts
     D:8: 754 daAuts
     D:1: 546 daAuts
 Ossuary: 270 daAuts
